 Dungeon Crawl Stone Soup version 0.27-a0-1202-ge72e49191c (webtiles) character file.

Game seed: 10992810235992378574

392 flotson the Skirmisher (level 6, -3/48 HPs)
             Began as a Demonspawn Fighter on June 3, 2021.
             Slain by an ogre
             ... wielding a +0 giant club
              (20 damage)
             ... on level 3 of the Dungeon.
             The game lasted 00:03:53 (4771 turns).

flotson the Skirmisher (Demonspawn Fighter)         Turns: 4771, Time: 00:03:54

Health: -3/48      AC:  7    Str: 18    XL:     6   Next: 51%
Magic:  6/6        EV:  8    Int:  9    God:
Gold:   111        SH:  9    Dex: 13    Spells: 5/5 levels left

rFire    . . .     SeeInvis .   a - +0 war axe
rCold    . . .     Faith    .   c - +0 kite shield
rNeg     . . .     Spirit   .   b - +0 scale mail
rPois    .         Reflect  .   (helmet restricted)
rElec    .         Harm     .   (no cloak)
rCorr    .         Rampage  .   (no gloves)
Will     .....                  (no boots)
Stlth    ..........             e - amulet of the acrobat
HPRegen  0.16/turn              (no ring)
MPRegen  0.10/turn              (no ring)

@: mighty
A: antennae 1, demonic magic 1
a: no special abilities


You were on level 3 of the Dungeon.
You visited 1 branch of the dungeon, and saw 4 of its levels.

You collected 111 gold pieces.

Inventory:

Hand Weapons
 a - a +0 war axe (weapon)
Armour
 b - a +0 scale mail (worn)
 c - a +0 kite shield (worn)
Jewellery
 e - an amulet of the acrobat (around neck)
Wands
 p - a wand of iceblast (9)
Scrolls
 f - a scroll of fog {unknown}
 g - a scroll of fear {unknown}
 h - a scroll of teleportation {unknown}
 i - 3 scrolls of enchant weapon {unknown}
 j - 3 scrolls of identify {unknown}
 l - a scroll of enchant armour {unknown}
 m - a scroll of vulnerability {unknown}
 o - a scroll of amnesia {unknown}
 q - a scroll of immolation {unknown}
Potions
 k - a potion of brilliance {unknown}
 n - 2 potions of curing {unknown}
 r - a potion of attraction {unknown}


   Skills:
 + Level 4.2 Fighting
 + Level 3.1 Axes
 + Level 3.8 Armour
 + Level 2.4 Dodging
 + Level 3.8 Shields


You had 5 spell levels left.
You didn't know any spells.
Your spell library was empty.

Dungeon Overview and Level Annotations

Branches:
Dungeon (4/15)
 Temple: D:4-7

Altars:
Ashenzari
Cheibriados
Vehumet
Wu Jian


Innate Abilities, Weirdness & Mutations

You have a pair of small antennae on your head.
Spells you cast may paralyse adjacent enemies.


Message History

You destroy the necrophage!
The orc closely misses you.
Your life force feels restored.
You barely miss the orc. You block the orc's attack.
A dart slug comes into view.
You hit the orc but do no damage. You hit the dart slug.
You block the orc's attack.
The dart slug bites you but does no damage.
You block the orc's attack.
You slash the dart slug!
You kill the dart slug!
You slash the orc!
You kill the orc!
The adder bites you.
You barely miss the adder. The adder bites you but does no damage.
The adder bites you.
You hit the adder.
The adder is heavily wounded.
You block the adder's attack. The adder barely misses you.
You slash the adder!
You kill the adder!
The ogre hits you with a +0 giant club!
You are too injured to fight recklessly!
You are too injured to fight recklessly!
You are too injured to fight recklessly!
You are too injured to fight recklessly!
You are too injured to fight recklessly!
You are too injured to fight recklessly!
You are too injured to fight recklessly!
You see here a dart slug corpse.
There is a stone staircase leading up, spattered with blood here.
The ogre closely misses you.
You climb upwards.
There is a stone staircase leading down here.
You feel very mighty all of a sudden. You block the ogre's attack.
You slash the ogre!
The ogre is heavily wounded.
The ogre hits you with a +0 giant club!!
You die...

############ #..........#
#.#######.## ##.#######.#
#..........# #..........#####
############..........#....
#.......##@.........#.#.###
#.......##O##.#####.#.#<...
#.......##.##.# #.#.#.#.#
#..(....##....# #.#.#.#.#
#####.......##.########...#.#.#
#...........##.##.....##..#.#.#
#...........##.##.....##..#)#.#
#..............................
#.........#..........(###...#..


You could see an ogre.

Vanquished Creatures
  A necrophage (D:4)
  A centaur (D:4)
  A bullfrog (D:3)
  A hound (D:4)
  A hound skeleton (D:4)
  2 adders
  2 gnolls (D:3)
  4 worms
  2 dart slugs
  5 orcs
  3 ball pythons
  7 endoplasms
  4 giant cockroaches
  3 goblins
  6 hobgoblins
  6 jackals (D:1)
  2 quokkas
  2 bats
  A frilled lizard (D:1)
  3 kobolds
  12 rats
69 creatures vanquished.

Vanquished Creatures (others)
  2 gnolls (D:3)
  A quokka (D:3)
  A kobold (D:3)
4 creatures vanquished.

Grand Total: 73 creatures vanquished

Notes
Turn   | Place    | Note
-------+----------+-------------------------------------------
     0 | D:1      | flotson the Demonspawn Fighter began the quest for the Orb.
     0 | D:1      | Reached XP level 1. HP: 18/18 MP: 1/1
     1 | D:1      | Found a runed translucent door.
   180 | D:1      | Gained mutation: You have a pair of small antennae on your
                  | head. [demonic ancestry]
   180 | D:1      | Reached XP level 2. HP: 24/24 MP: 2/2
   684 | D:1      | Reached XP level 3. HP: 21/29 MP: 3/3
   801 | D:1      | Reached skill level 1 in Dodging
  1480 | D:2      | Found a snail-covered altar of Cheibriados.
  2035 | D:3      | Found an ornate altar of the Wu Jian Council.
  2087 | D:3      | Found a radiant altar of Vehumet.
  2093 | D:3      | Found a broken altar of Ashenzari.
  2166 | D:3      | Gained mutation: Spells you cast may paralyse adjacent
                  | enemies. [demonic ancestry]
  2166 | D:3      | Reached XP level 4. HP: 31/35 MP: 4/4
  3499 | D:3      | Noticed a bullfrog
  3508 | D:3      | Killed a bullfrog
  3509 | D:3      | Reached XP level 5. HP: 30/42 MP: 5/5
  4290 | D:3      | Found an ornate altar of the Wu Jian Council.
  4384 | D:4      | Noticed a centaur
  4396 | D:4      | Killed a centaur
  4397 | D:4      | Reached skill level 4 in Fighting
  4665 | D:4      | Reached XP level 6. HP: 46/48 MP: 6/6
  4771 | D:3      | Slain by an ogre

Illustrated notes

Levels and vault maps discovered:
D:1:      dpeg_arrival_caged_fury, layout_rooms
D:2:      layout_loops_corners, basic_altar, grunt_decor_arrowhead
D:3:      layout_basic, nicolae_overflow_crystal_walls, ashenzari_altar_1,
          fiery_altar_vehumet
D:4:      layout_rooms, marbit_many_paths, minmay_vboxes, uniq_edmund

Skill      XL: |  1  2  3  4  5 |
---------------+----------------+-----
Axes           | 2 3 |  3.1
Armour         | 3 |  3.8
Shields        | 3 |  3.8
Dodging        | 1 2 |  2.4
Fighting       | 4 |  4.2

Action                   |  1- 3 |  4- 6 || total
-------------------------+-------+-------++-------
Melee: War axe           |   127 |    94 ||   221
  Use: Potion            |       |     1 ||     1
Armor: Scale mail        |    52 |    40 ||    92
Dodge: Dodged            |    54 |    48 ||   102
Block: Kite shield       |    66 |    54 ||   120

Table legend: (Time is in decaauts)
 A = Elapsed time spent in this place.
 B = Non-inter-level travel time spent in this place.
 C = Inter-level travel time spent in this place.
 D = Time resting spent in this place.
 E = Time spent auto-exploring this place.
 F = Levels seen in this place.
 G = Mean time per level.
                   A        B        C        D        E       F      G
               +--------+--------+--------+--------+--------+-----+--------+
         Total |   4910 |   4797 |    113 |    256 |   3934 |   4 | 1227.5 |
       Dungeon |   4910 |   4797 |    113 |    256 |   3934 |   4 | 1227.5 |
               +--------+--------+--------+--------+--------+-----+--------+

Top non-repeatable levels by time:
     D:3: 2165 daAuts
     D:2: 1270 daAuts
     D:1: 1064 daAuts
     D:4: 411 daAuts
